 Dungeon Crawl Stone Soup version 0.31-a0-981-geadf994542 (webtiles) character file.

Game seed: 12078159820375362287

411 Whiskey the Changeling (level 6, 0/43 HPs)
             Began as an Octopode Shapeshifter on Nov 2, 2023.
             Killed by nerve-wracking pain
             ... invoked by an orc priest
              (13 damage)
             ... on level 4 of the Dungeon.
             The game lasted 00:04:15 (3109 turns).

Whiskey the Changeling (Octopode Shapeshifter)      Turns: 3109, Time: 00:04:15

Health: 0/43       AC:  1    Str: 14    XL:     6   Next: 90%
Magic:  6/6        EV: 12    Int: 14    God:
Gold:   252        SH:  3    Dex: 11    Spells: 5/5 levels left

rFire   . .          .
                       - Unarmed
rCold   . . .        j - +0 buckler
rNeg    . . .        (helmet currently unavailable)
rPois   .            (no amulet)
rElec   .            (no ring)
rCorr   .            (no ring)
SInv    .            (no ring)
Will    .....        (no ring)
Stlth   ++           (no ring)
HPRegen 0.27/turn    (no ring)
MPRegen 0.10/turn    (no ring)
                     (no ring)

%: no passive effects
@: beast-form
A: beast (slay +3), almost no armour, amphibious, 8 rings, camouflage 1,
gelatinous body 1, (nimble swimmer 1), tentacles
a: Begin Untransformation


You were on level 4 of the Dungeon.
You were a hulking beast.
You visited 1 branch of the dungeon, and saw 4 of its levels.

You collected 252 gold pieces.

Inventory:

Armour
 j - a +0 buckler (worn)
   (You found it on level 2 of the Dungeon)
Jewellery
 p - a ring of fire {rF+, rC-}
   (You found it on level 3 of the Dungeon)
Talismans
 b - a beast talisman
 c - a flux talisman
 r - a flux talisman
   (You found it on level 3 of the Dungeon)
 u - a maw talisman
   (You found it on level 4 of the Dungeon)
Scrolls
 d - 2 scrolls of fear {unknown}
 e - 2 scrolls of identify {unknown}
 k - 2 scrolls of teleportation {unknown}
 l - a scroll of revelation {unknown}
 o - a scroll of immolation {unknown}
 q - a scroll of fog {unknown}
 s - 2 scrolls of enchant armour {unknown}
Potions
 a - a potion of lignification {!q}
 f - a potion of heal wounds {unknown}
 g - a potion of brilliance {unknown}
 h - 2 potions of mutation {unknown}
 i - a potion of resistance {unknown}
 m - 2 potions of attraction {unknown}
 t - a potion of cancellation {unknown}


   Skills:
 + Level 3.9 Fighting
 - Level 2.0 Dodging
 - Level 3.0 Unarmed Combat
 * Level 5.9 Shapeshifting


You had 5 spell levels left.
You didn't know any spells.
Your spell library contained the following spells:

 Spells                   Type           Power      Damage    Failure   Level
 Magic Dart               Conj           0%         1d3       36%         1
 Ensorcelled Hibernation  Hex/Ice        0%         N/A       52%         2
 Jinxbite                 Hex            0%         N/A       52%         2
 Searing Ray              Conj           0%         2d4       52%         2
 Anguish                  Hex/Necr       0%         N/A       98%         4
 Fulminant Prism          Conj/Hex       0%         3d5       98%         4


Dungeon Overview and Level Annotations

Branches:
Dungeon (4/15)
 Temple: D:4-7

Altars:
Vehumet
Zin

Shops:
D:3 *


Innate Abilities, Weirdness & Mutations

You are a hulking beast.
Your limbs bulge with bestial killing power. (Slay +3)
You cannot wear most types of armour.
You are amphibious.
You can wear up to eight rings at the same time.
Your skin changes colour to match your surroundings (Stealth+).
Your rubbery body absorbs attacks. (AC +1, EV +1)
((You are camouflaged when in or above water. (Stealth+)))
You have tentacles for arms and can constrict up to eight enemies at once.


Message History

A jackal comes into view.
You block the jackal's attack.
You bludgeon the jackal!
You kill the jackal!
You tentacle-slap the jackal but do no damage.
Your grab misses the jackal. Your squeeze misses the jackal.
The jackal bites you but does no damage.
The jackal barks!
You tentacle-slap the jackal. You grab the jackal. You constrict the jackal.
You kill the jackal!
You see here a jackal corpse.
You tentacle-slap the jackal. Your grab misses the jackal.
You tentacle-slap the jackal.
You kill the jackal!
No target in view!
No target in view!
No target in view!
No target in view!
No target in view!
No target in view!
No target in view!
No target in view!
No target in view!
No target in view!
No target in view!
No target in view!
No target in view!
No target in view!
No target in view!
No target in view!
No target in view!
No target in view!
m - 2 orange potions (gained 1)
You see here a jackal corpse.
s - 2 scrolls labelled CYPNIM DEVUSM (gained 1)
n - 3 coppery potions (gained 1) 2 gnolls come into view.
A gnoll comes into view. It is wielding a +0 whip.
The gnoll shouts! x3
The gnoll moves out of view.
You hear a shout!
A gnoll comes into view. It is wielding a +0 whip.
The gnoll shouts!
The gnoll barely misses you.
You tentacle-slap the gnoll. You grab the gnoll. You tentacle-slap the gnoll.
You constrict the gnoll.
You kill the gnoll!
A goblin comes into view. It is wielding a +0 club.
The goblin shouts!
You bludgeon the gnoll! You grab the gnoll. You constrict the gnoll.
The gnoll closely misses you.
You tentacle-slap the gnoll but do no damage.
You constrict the gnoll. The gnoll completely misses you.
You tentacle-slap the gnoll.
You kill the gnoll!
The gnoll barely misses you.
You tentacle-slap the gnoll. Your grab misses the gnoll. You squeeze the gnoll!
The gnoll hits you with a +0 whip. The gnoll hits you with a +0 whip!
You take 14 damage, and have 29/43 hp.
MASSIVE DAMAGE!!
You tentacle-slap the gnoll.
You kill the gnoll!
The gnoll hits you with a +0 whip!
You take 8 damage, and have 21/43 hp.
The gnoll attacks as it pursues you! The gnoll hits you with a +0 whip!
* * * LOW HITPOINT WARNING * * *
You take 10 damage, and have 11/43 hp.
MASSIVE DAMAGE!!
The orc priest calls down the wrath of Beogh upon you.
Beogh smites you!
* * * LOW HITPOINT WARNING * * *
You take 8 damage, and have 3/43 hp.
It was a potion of curing.
You feel better. The gnoll closely misses you. The goblin closely misses you.
You regained 12 hp, and now have 15/43 hp.
The gnoll attacks as it pursues you! You block the gnoll's attack.
The orc priest miscasts a cantrip.
The goblin attacks as it pursues you! The goblin hits you with a +0 club.
You take 2 damage, and have 13/43 hp.
The goblin attacks as it pursues you! The goblin hits you with a +0 club.
* * * LOW HITPOINT WARNING * * *
You take 4 damage, and have 9/43 hp.
The goblin attacks as it pursues you! The goblin closely misses you.
The goblin attacks as it pursues you! The goblin barely misses you.
The goblin attacks as it pursues you! The goblin hits you with a +0 club.
* * * LOW HITPOINT WARNING * * *
You take 4 damage, and have 6/43 hp.
You feel better. The goblin closely misses you.
You regained 9 hp, and now have 15/43 hp.
You tentacle-slap the goblin but do no damage.
You grab the goblin. You constrict the goblin. The goblin misses you.
You tentacle-slap the goblin.
You kill the goblin!
The gnoll hits you with a +0 whip.
The orc priest calls down the wrath of Beogh upon you.
Pain shoots through your body!
* * * LOW HITPOINT WARNING * * *
You take 10 damage, and have 5/43 hp.
MASSIVE DAMAGE!!
You feel better. The gnoll barely misses you.
The orc priest mumbles some strange prayers to Beogh against you.
Pain shoots through your body!
You die...

.#........ #...........#
.#........ #.....^.....#
.#........ #.....)o....#
.#.(...... #.....).....# #
##........ #...........######.#
##........ ##########g........#
.......... #.....†...#
.............########....†....#
...######.......h)o......†....#
#### ........g............# ..#
.....................# ###
.....................# #
#[....................#
#.....................#
#............##########
#...............#
#....#..........#


You could see an orc priest and a gnoll.

Vanquished Creatures
  A phantom (D:4)
  A scorpion (D:3)
  An orc priest (D:4)
  Natasha (thrice) (D:3)
  An iguana (D:2)
  Robin (D:3)
  3 gnolls (D:4)
  2 adders
  A worm (D:3)
  3 dart slugs
  3 orcs (D:4)
  8 ball pythons
  4 bats
  2 endoplasms
  3 giant cockroaches
  4 hobgoblins
  8 jackals
  7 kobolds
  4 quokkas
  3 frilled lizards
  16 goblins
  4 rats
83 creatures vanquished.

Notes
Turn   | Place    | Note
-------+----------+-------------------------------------------
     0 | D:1      | Whiskey the Octopode Shapeshifter began the quest for the
                  | Orb.
     0 | D:1      | Reached XP level 1. HP: 13/13 MP: 1/1
   169 | D:1      | Reached XP level 2. HP: 15/18 MP: 2/2
   639 | D:1      | Reached XP level 3. HP: 24/24 MP: 3/3
  1106 | D:2      | Reached skill level 2 in Fighting
  1321 | D:2      | Reached skill level 4 in Shapeshifting
  1367 | D:2      | You fall into a shaft and drop 1 floor!
  1408 | D:2      | Identified the +1 helmet "Hicriaga" {Str+6 Int+8 Dex-5}
  1523 | D:2      | Reached XP level 4. HP: 29/29 MP: 4/4
  1855 | D:3      | Noticed Robin
  1868 | D:3      | Noticed Natasha
  1882 | D:3      | Killed Robin
  1887 | D:3      | Killed Natasha
  1888 | D:3      | Reached XP level 5. HP: 18/36 MP: 5/5
  2003 | D:3      | Found Zin's Purification Station.
  2004 | D:3      | Noticed Natasha
  2006 | D:3      | Found a glowing silver altar of Zin.
  2011 | D:3      | Killed Natasha
  2012 | D:3      | Reached skill level 3 in Fighting
  2267 | D:3      | Reached skill level 5 in Shapeshifting
  2267 | D:3      | Reached XP level 6. HP: 35/42 MP: 6/6
  2534 | D:3      | Noticed Natasha
  2540 | D:3      | Killed Natasha
  2670 | D:4      | Found a radiant altar of Vehumet.
  3096 | D:4      | HP: 3/43 [orc priest/divine providence (8)]
  3101 | D:4      | HP: 9/43 [goblin/+0 club (4)]
  3108 | D:4      | HP: 5/43 [orc priest/nerve-wracking pain (9)]
  3109 | D:4      | Killed from afar by an orc priest

Illustrated notes

Levels and vault maps discovered:
D:1:      heliophobic_arrival_dark_side_of_the_moon, layout_basic,
          supply_closet_lemuel, minmay_pentomino_s4
D:2:      layout_basic, minmay_misc_feat_four_crosses
D:3:      layout_loops_ring, zin_purify, minmay_gold_behind_fungi,
          minmay_surrounded, uniq_natasha, uniq_robin
D:4:      layout_basic, gammafunk_temple_overflow_pools,
          mainiacjoe_overflow_24_doors, minmay_goblin_kobold_house

Skill      XL: |  1  2  3  4  5 |
---------------+----------------+-----
Fighting       | 2 3 |  3.9
Shapeshifting  | 4 5 |  5.9
Dodging        | |  2.0
Unarmed Combat | |  3.0

Action                     |  1- 3 |  4- 6 || total
---------------------------+-------+-------++-------
  Melee: Unarmed           |    76 |   104 ||   180
         Constrict         |    19 |    22 ||    41
         Tentacles         |    12 |    14 ||    26
         Punch             |       |     6 ||     6
    Use: Potion            |       |     3 ||     3
   Stab: Sleeping          |    11 |     2 ||    13
 Armour: Skin              |    28 |    50 ||    78
  Dodge: Dodged            |    55 |    64 ||   119
  Block: Buckler           |     2 |    13 ||    15

Table legend: (Time is in decaauts)
 A = Elapsed time spent in this place.
 B = Non-inter-level travel time spent in this place.
 C = Inter-level travel time spent in this place.
 D = Time resting spent in this place.
 E = Time spent auto-exploring this place.
 F = Levels seen in this place.
 G = Mean time per level.
                   A        B        C        D        E       F      G
               +--------+--------+--------+--------+--------+-----+--------+
         Total |   3103 |   3058 |     45 |     66 |   2533 |   4 |  775.8 |
       Dungeon |   3103 |   3058 |     45 |     66 |   2533 |   4 |  775.8 |
               +--------+--------+--------+--------+--------+-----+--------+

Top non-repeatable levels by time:
     D:1: 1035 daAuts
     D:2: 810 daAuts
     D:3: 769 daAuts
     D:4: 488 daAuts

Levels and vault maps discovered:
D:1:      heliophobic_arrival_dark_side_of_the_moon, layout_basic,
          supply_closet_lemuel, minmay_pentomino_s4
D:2:      layout_basic, minmay_misc_feat_four_crosses
D:3:      layout_loops_ring, zin_purify, minmay_gold_behind_fungi,
          minmay_surrounded, uniq_natasha, uniq_robin
D:4:      layout_basic, gammafunk_temple_overflow_pools,
          mainiacjoe_overflow_24_doors, minmay_goblin_kobold_house

Table legend: (Time is in decaauts)
 A = Elapsed time spent in this place.
 B = Non-inter-level travel time spent in this place.
 C = Inter-level travel time spent in this place.
 D = Time resting spent in this place.
 E = Time spent auto-exploring this place.
 F = Levels seen in this place.
 G = Mean time per level.
                   A        B        C        D        E       F      G
               +--------+--------+--------+--------+--------+-----+--------+
         Total |   3103 |   3058 |     45 |     66 |   2533 |   4 |  775.8 |
       Dungeon |   3103 |   3058 |     45 |     66 |   2533 |   4 |  775.8 |
               +--------+--------+--------+--------+--------+-----+--------+

Top non-repeatable levels by time:
     D:1: 1035 daAuts
     D:2: 810 daAuts
     D:3: 769 daAuts
     D:4: 488 daAuts

Table legend:
 A = Kills in this place as a percentage of kills in the entire game.
 B = Kills by you in this place as a percentage of kills by you in the entire game.
 C = Kills by friends in this place as a percentage of kills by friends in the entire game.
 D = Other kills in this place as a percentage of other kills in the entire game.
 E = Experience gained in this place as a percentage of experience gained in the entire game.
 F = Experience gained in this place divided by the number of levels of this place that you have seen.
                   A       B       C       D       E      F
               +-------+-------+-------+-------+-------+----------------------
         Total | 100.0 | 100.0 |   N/A |   N/A | 100.0 | 147.0
       Dungeon | 100.0 | 100.0 |   N/A |   N/A | 100.0 | 147.0
               +-------+-------+-------+-------+-------+----------------------
